 Dungeon Crawl Stone Soup version 0.30-a0-824-g6c64550be9 (webtiles) character file.

Game seed: 6310905205837699809

505 DrKenneth the Trooper (level 6, 0/57 HPs)
             Began as a Minotaur Fighter on Feb 27, 2023.
             Succumbed to Dowan's poison
             ... on level 4 of the Dungeon.
             The game lasted 00:05:39 (2591 turns).

DrKenneth the Trooper (Minotaur Fighter)            Turns: 2591, Time: 00:05:39

Health: 0/57       AC:  9    Str: 25    XL:     6   Next: 96%
Magic:  5/5        EV:  9    Int:  5    God:
Gold:   244        SH:  5    Dex: 10    Spells: 5/5 levels left

rFire   . . .      SeeInvis +    a - +0 war axe
rCold   . . .      Faith    .    c - +0 buckler
rNeg    . . .      Spirit   .    b - +0 scale mail
rPois   .          Reflect  .    (helmet restricted)
rElec   .          Harm     .    (no cloak)
rCorr   .          Rampage  .    p - +1 pair of gloves of Space {Str+3 Slay+3 SInv}
Will    .....                    (no boots) Stlth
                                 (no amulet)
HPRegen 0.29/turn                (no ring)
MPRegen 0.09/turn                (no ring)

@: lethally poisoned (0 -> -10)
A: horns 2, retaliatory headbutt
a: no special abilities


You were on level 4 of the Dungeon.
You visited 1 branch of the dungeon, and saw 4 of its levels.

You collected 244 gold pieces.

Inventory:

Hand Weapons
 a - a +0 war axe (weapon)
 r - a +0 hand axe of draining
 w - a +3 heavy flail
Armour
 b - a +0 scale mail (worn)
 c - a +0 buckler (worn)
 p - the +1 pair of gloves of Space (worn) {Str+3 Slay+3 SInv}
   (You found it on level 2 of the Dungeon)

   Str:       It affects your strength (+3).
   Slay:      It affects your accuracy & damage with ranged weapons and melee
   (+3).
   SInv:      It lets you see invisible.
Jewellery
 q - a +4 ring of protection
 t - a ring of wizardry
 u - a +6 ring of intelligence
 x - a ring of resist corrosion
 y - a ring of fire
Wands
 v - a wand of charming (11)
 A - a wand of polymorph (13)
Scrolls
 g - a scroll of enchant armour {unknown}
 h - 2 scrolls of blinking {unknown}
 i - 3 scrolls of teleportation {unknown}
 j - 4 scrolls of identify
 m - 3 scrolls of poison {unknown}
 n - a scroll of fog {unknown}
 z - a scroll of vulnerability {unknown}
Potions
 d - 4 potions of might
 e - a potion of ambrosia
 f - a potion of mutation {unknown}
 k - a potion of brilliance {unknown}
 l - a potion of heal wounds {unknown}
 o - a potion of invisibility
 s - 2 potions of lignification


   Skills:
 + Level 5.7 Fighting
 + Level 5.0 Axes
 + Level 5.7 Armour
 + Level 5.6 Shields


You had 5 spell levels left.
You didn't know any spells.
Your spell library contained the following spells:

 Spells                   Type           Power      Damage    Failure   Level
 Summon Ice Beast         Ice/Summ       0%         N/A       100%        4
 Summon Mana Viper        Hex/Summ       0%         N/A       100%        5
 Monstrous Menagerie      Summ           0%         N/A       100%        7


Dungeon Overview and Level Annotations

Branches:
Dungeon (4/15)
 Temple: D:4-7

Altars:
Nemelex Xobeh
Okawaru
Vehumet
Xom

Shops:
D:2 (

Annotations:
D:4 Dowan


Innate Abilities, Weirdness & Mutations

You have a pair of horns on your head.
You reflexively headbutt those who attack you in melee.


Message History

Duvessa hits you with a +0 short sword.
You slash Duvessa!
Duvessa is moderately wounded.
Duvessa hits you with a +0 short sword.
Dowan says, "My weaknesses are her strengths!"
Dowan casts a spell.
Dowan blinks!
Duvessa hits you with a +0 short sword.
You hit Duvessa but do no damage. You headbutt Duvessa.
Duvessa is heavily wounded.
Duvessa hits you with a +0 short sword!
You closely miss Duvessa.
Duvessa is heavily wounded.
Duvessa hits you but does no damage.
You slash Duvessa!
Duvessa is severely wounded.
Duvessa hits you with a +0 short sword!
You slash Duvessa!
Duvessa is almost dead.
You block Duvessa's attack. Duvessa hits you with a +0 short sword.
You are too injured to fight recklessly!
You are too injured to fight recklessly!
You are too injured to fight recklessly!
You slash Duvessa!
You kill Duvessa!
Dowan screams, "No!
Oh no!"
Dowan seems to find hidden reserves of power!
Your Axes skill increases to level 5!
Dowan casts a spell at you. The shard of ice hits you!!
* * * LOW HITPOINT WARNING * * *
Things that are here:
a +0 short sword; a +0 scale mail You slash Dowan!
Dowan is moderately wounded.
Dowan hits you with a +2 dagger of venom.
* * * LOW HITPOINT WARNING * * *
You are lethally poisoned!
Dowan mumbles some strange words.
Dowan blinks!
You die...

?.. ### #.. ≈≈≈ #. #.#######..
#.... ###.#......#### ..##. ..
.#.#.≈≈≈≈≈.... ..... ..
..#.≈....≈≈≈≈ ###.# #.
###.#.≈.###...≈ ..#.# .
#.#########...#.≈.#_.##.≈
#.#.#.###..e....@)..#.#.≈.#...#.≈
#.#.#.#...############.≈.#.≈...≈.
........_.# #.≈.#.≈≈._≈.
#.#)#.#...# #.≈.#...≈≈≈.
#.#)#.###.## #.≈.####....
..#)#...#..######## #.≈.....####
###)###.#.........####.≈≈≈≈≈≈....
............#####....#.......≈≈≈≈
####.......## ####.########....


You could see Dowan (fast).

Vanquished Creatures
  Duvessa (D:4)
  A scorpion (D:4)
  Jessica (D:3)
  Terence (D:3)
  Natasha (D:3)
  3 orc wizards
  7 adders
  3 gnolls (D:4)
  2 worms (D:2)
  5 dart slugs
  7 orcs
  10 ball pythons
  5 bats
  5 endoplasms
  3 giant cockroaches
  5 hobgoblins
  7 jackals (D:3)
  2 quokkas
  4 frilled lizards
  2 goblins
  8 kobolds
  5 rats
88 creatures vanquished.

Vanquished Creatures (others)
  A plant (D:1)
1 creature vanquished.

Grand Total: 89 creatures vanquished

Notes
Turn   | Place    | Note
-------+----------+-------------------------------------------
     0 | D:1      | DrKenneth the Minotaur Fighter began the quest for the Orb.
     0 | D:1      | Reached XP level 1. HP: 19/19 MP: 0/0
     6 | D:1      | Noticed a snapping turtle
     7 | D:1      | Noticed a wyvern
     7 | D:1      | Noticed a lindwurm
   267 | D:1      | Reached XP level 2. HP: 26/27 MP: 1/1
   279 | D:1      | Found a faded altar of an unknown god.
   895 | D:2      | Reached XP level 3. HP: 33/33 MP: 2/2
   947 | D:2      | Identified the +1 pair of gloves of Space {Str+3 Slay+3
                  | SInv}
  1050 | D:2      | Found Lithuin's Weapon Shoppe.
  1208 | D:2      | Reached XP level 4. HP: 38/41 MP: 3/3
  1661 | D:3      | Noticed Jessica
  1674 | D:3      | Killed Jessica
  1737 | D:3      | Reached XP level 5. HP: 44/47 MP: 4/4
  2190 | D:3      | Noticed Natasha
  2191 | D:3      | Noticed Terence
  2196 | D:3      | Killed Terence
  2197 | D:3      | Reached skill level 5 in Fighting
  2197 | D:3      | Reached skill level 5 in Armour
  2197 | D:3      | Reached skill level 5 in Shields
  2197 | D:3      | Killed Natasha
  2454 | D:4      | Found a sparkling altar of Nemelex Xobeh.
  2454 | D:4      | Found a radiant altar of Vehumet.
  2457 | D:4      | Reached XP level 6. HP: 56/56 MP: 5/5
  2557 | D:4      | Found a shimmering altar of Xom.
  2560 | D:4      | Found an iron altar of Okawaru.
  2579 | D:4      | Noticed Duvessa
  2579 | D:4      | Noticed Dowan
  2588 | D:4      | Killed Duvessa
  2589 | D:4      | Reached skill level 5 in Axes
  2590 | D:4      | HP: 2/57 [Dowan/+2 dagger of venom (3)]
  2591 | D:4      | Succumbed to Dowan's poison

Illustrated notes

Levels and vault maps discovered:
D:1:      onia_arrival_zoo_common, layout_loops_ring,
          shapermc_ecumenical_altar_mp_urbaneastern, minivault_5,
          minmay_pentomino_s2
D:2:      layout_basic, serial_shops, nicolae_shop_window_shopping
D:3:      layout_basic, minivault_24, chequers_decorated_corner, uniq_terence,
          uniq_jessica, uniq_natasha
D:4:      layout_rooms, general_overflow_altar, nicolae_overflow_squiral,
          mainiacjoe_overflow_large_starburst, uniq_duvessa

Skill      XL: |  1  2  3  4  5  6 |
---------------+-------------------+-----
Armour         | 4 5 |  5.7
Shields        | 4 5 |  5.6
Fighting       | 4 5 |  5.7
Axes           | 3 4 5 |  5.0

Action                     |  1- 3 |  4- 6 || total
---------------------------+-------+-------++-------
  Melee: War axe           |    69 |    98 ||   167
         Headbutt          |     5 |    20 ||    25
    Use: Scroll            |       |     2 ||     2
 Armour: Scale mail        |    29 |    43 ||    72
  Dodge: Dodged            |    34 |    53 ||    87
  Block: Buckler           |    15 |    19 ||    34

Table legend: (Time is in decaauts)
 A = Elapsed time spent in this place.
 B = Non-inter-level travel time spent in this place.
 C = Inter-level travel time spent in this place.
 D = Time resting spent in this place.
 E = Time spent auto-exploring this place.
 F = Levels seen in this place.
 G = Mean time per level.
                   A        B        C        D        E       F      G
               +--------+--------+--------+--------+--------+-----+--------+
         Total |   2677 |   2609 |     68 |    131 |   1920 |   4 |  669.2 |
       Dungeon |   2677 |   2609 |     68 |    131 |   1920 |   4 |  669.2 |
               +--------+--------+--------+--------+--------+-----+--------+

Top non-repeatable levels by time:
     D:1: 869 daAuts
     D:3: 855 daAuts
     D:2: 803 daAuts
     D:4: 148 daAuts
